 Dungeon Crawl Stone Soup version 0.31.0-32-g396128a36d (webtiles) character file.

Game seed: 2904151701368010900

105 PaiMei the Grave Robber (level 4, 0/32 HPs)
             Began as a Demonspawn Necromancer on Apr 12, 2024.
             Slain by an orc
             ... wielding a +1 trident of venom
              (2 damage)
             ... on level 3 of the Dungeon.
             The game lasted 00:02:38 (2496 turns).

PaiMei the Grave Robber (Demonspawn Necromancer)    Turns: 2496, Time: 00:02:38

Health: 0/32       AC:  4    Str: 11    XL:     4   Next: 53%
Magic:  4/8        EV: 13    Int: 17    God:
Gold:   40         SH:  0    Dex: 16    Spells: 7/8 levels left

rFire   . . .        o - +6 hand axe of the Lesser Evil {freeze, rN+ Str+2 Dex+3}
rCold   . . .        (no shield)
rNeg    + . .        a - +0 robe
rPois   .            (no helmet)
rElec   .            j - +1 cloak
rCorr   .            (no gloves)
SInv    .            (no boots)
Will    .....        (no amulet)
Stlth   ++           (no ring)
HPRegen 0.25/turn    (no ring)
MPRegen 0.11/turn

%: no passive effects
@: lethally poisoned (0 -> -19)
A: ignite blood 2, powered by pain 1
a: no special abilities


You were on level 3 of the Dungeon.
You visited 1 branch of the dungeon, and saw 3 of its levels.

You collected 40 gold pieces.

Inventory:

Hand Weapons
 c - a +0 dagger
 o - the +6 hand axe of the Lesser Evil (weapon) {freeze, rN+ Str+2 Dex+3}
   (You found it on level 2 of the Dungeon)

   Str+2:     It affects your strength (+2).
   Dex+3:     It affects your dexterity (+3).
   rN+:       It protects you from negative energy.
 p - a +2 falchion of protection
 s - a +1 dagger of venom
Armour
 a - a +0 robe (worn)
 j - a +1 cloak (worn)
 m - a +0 cloak of stealth
Jewellery
 d - a +6 ring of strength
 t - a ring of ice
Scrolls
 e - a scroll of noise {unknown}
 f - 4 scrolls of identify {unknown}
 i - a scroll of enchant weapon {unknown}
 k - a scroll of vulnerability {unknown}
 l - a scroll of enchant armour {unknown}
 n - 3 scrolls of teleportation {unknown}
 r - a scroll of brand weapon {unknown}
Potions
 b - a potion of magic
 g - a potion of haste {unknown}
 h - a potion of enlightenment {unknown}
 q - a potion of curing {unknown}


   Skills:
 + Level 1.6 Fighting
 + Level 2.6 Dodging
 - Level 2.0 Stealth
 + Level 2.7 Spellcasting
 + Level 5.0 Necromancy


You had 7 spell levels left.
You knew the following spells:

 Your Spells              Type           Power      Damage    Failure   Level
a - Necrotise             Necr           76%        1d7       2%          1

Your spell library contained the following spells:

 Spells                   Type           Power      Damage    Failure   Level
 Vampiric Draining        Necr           19%        2d7       7%          3
 Animate Dead             Necr           19%        N/A       22%         4
 Static Discharge         Conj/Air       4%         3-4/arc   26%         2
 Stone Arrow              Conj/Erth      4%         3d7       47%         3
 Curse of Agony           Necr           19%        N/A       54%         5
 Airstrike                Air            1%         2d(1-17)  87%         4
 Animate Armour           Summ/Erth      4%         N/A       87%         4
 Summon Lightning Spire   Summ/Air       2%         N/A       87%         4
 Lehudib's Crystal Spear  Conj/Erth      1%         10d2      100%        8


Dungeon Overview and Level Annotations

Branches:
Dungeon (3/15)

Altars:

Shops:
D:1 !


Innate Abilities, Weirdness & Mutations

Your demonic aura often causes spilled blood to erupt in flames.
You sometimes gain a little power by taking damage.


Message History

Aiming: Necrotise (safe; 2% risk of failure)
Press: ? - help, Shift-Dir - straight line, f/p - adder
Aim: an adder (severely wounded, ally target, chance to affect: 84%)
The adder writhes in agony.
The adder misses you. The goblin barely misses you.
Your ball python skeleton closely misses the adder.
Your ball python skeleton misses the adder.
Casting: Necrotise (safe; 2% risk of failure)
Confirm with . or Enter, or press ? or * to list all spells.
Aiming: Necrotise (safe; 2% risk of failure)
Press: ? - help, Shift-Dir - straight line, f/p - adder
Aim: an adder (almost dead, ally target, chance to affect: 84%)
The adder writhes in agony.
You kill the adder!
The dead are slithering!
The goblin misses you.
The orc hits you from afar with a +1 trident of venom!
You are poisoned.
You hit the goblin. You freeze the goblin.
You kill the goblin!
You feel sick.
The orc hits you from afar with a +1 trident of venom.
You are more poisoned.
Your ball python skeleton barely misses the orc.
Your ball python skeleton closely misses the orc.
The adder bites your ball python skeleton.
You barely miss the adder.
You feel very sick.
Your adder skeleton is engulfed in blazing flames.
You destroy your adder skeleton!
The adder barely misses your ball python skeleton.
The orc hits you from afar with a +1 trident of venom.
You are lethally poisoned!
Your ball python skeleton bites the orc.
Your ball python skeleton grabs the orc.
Your ball python skeleton constricts the orc.
You slash the adder!
The adder seems to slow down.
You freeze the adder.
You kill the adder!
* * * LOW HITPOINT WARNING * * *
You feel extremely sick.
The orc hits you from afar with a +1 trident of venom.
You die...

...### #...#.
#.... #._.#
....#######
#So.#....
#☼Z..# ##@.#
#○.## #..#
...#####.##
.........#
#.####.####.#.
#.............
######..#####.
#..#


You could see an orc (ally target), a ball python and a friendly ball python
skeleton.

Vanquished Creatures
  6 adders
  A dart slug (D:1)
  3 ribbon worms
  5 endoplasms
  3 giant cockroaches (D:2)
  4 goblins
  A hobgoblin (D:1)
  9 kobolds
  2 quokkas (D:1)
  5 ball pythons
  4 bats
  2 frilled lizards
  4 rats
49 creatures vanquished.

Vanquished Creatures (collateral kills)
  A dart slug (D:1)
  A bat (D:1)
  2 frilled lizards (D:1)
4 creatures vanquished.

Grand Total: 53 creatures vanquished

Notes
Turn   | Place    | Note
-------+----------+-------------------------------------------
     0 | D:1      | PaiMei the Demonspawn Necromancer began the quest for the
                  | Orb.
     0 | D:1      | Reached XP level 1. HP: 13/13 MP: 3/3
   163 | D:1      | Gained mutation: Your demonic aura sometimes causes spilled
                  | blood to erupt in flames. [demonic ancestry]
   163 | D:1      | Reached XP level 2. HP: 19/19 MP: 0/5
   957 | D:1      | Found Saem's Distillery.
   960 | D:1      | Gained mutation: You sometimes gain a little power by
                  | taking damage. [demonic ancestry]
   960 | D:1      | Reached XP level 3. HP: 25/25 MP: 4/6
  1317 | D:2      | Identified the +6 hand axe of the Lesser Evil {freeze, rN+
                  | Str+2 Dex+3}
  1385 | D:2      | Reached skill level 1 in Fighting
  1740 | D:2      | Gained mutation: Your demonic aura often causes spilled
                  | blood to erupt in flames. [demonic ancestry]
  1740 | D:2      | Reached XP level 4. HP: 32/32 MP: 2/7
  2364 | D:3      | Reached skill level 5 in Necromancy
  2487 | D:3      | Found a faded altar of an unknown god.
  2496 | D:3      | Slain by an orc

Illustrated notes

Levels and vault maps discovered:
D:1:      minmay_arrival_three_doors, layout_basic, serial_shops,
          nicolae_shop_pleasant_corner_grove, lexackson_kobold_supper
D:2:      layout_loops_ring
D:3:      layout_loops_ring, nicolae_ru_sacrificial_ziggurat,
          nicolae_ecumenical_snake_handling, nicolae_elevator_lobby_plus

Skill      XL: |  1  2  3  4 |
---------------+-------------+-----
Dodging        | 2 |  2.6
Stealth        | 2 |  2.0
Fighting       | 1 |  1.6
Necromancy     | 5 |  5.0
Spellcasting   | |  2.7

Action                     |  1- 3 |  4- 6 || total
---------------------------+-------+-------++-------
  Melee: Dagger            |    10 |       ||    10
         Hand axe          |     9 |     8 ||    17
   Cast: Necrotise         |    59 |    22 ||    81
 Armour: Robe              |    15 |     7 ||    22
  Dodge: Dodged            |    23 |    11 ||    34
